 Dungeon Crawl Stone Soup version 0.30-a0-986-g7f2e898f52 (webtiles) character file.

Game seed: 5065019389440781322

597 DeathPants the Trooper (level 7, 0/38 HPs)
             Began as a Vine Stalker Fighter on Apr 1, 2023.
             Slain by a yak (5 damage)
             ... on level 5 of the Dungeon.
             The game lasted 00:08:26 (3169 turns).

DeathPants the Trooper (Vine Stalker Fighter)       Turns: 3169, Time: 00:08:27

Health: 0/38       AC:  6    Str: 18    XL:     7   Next: 40%
Magic:  0/8        EV:  9    Int: 10    God:
Gold:   242        SH:  5    Dex: 14    Spells: 6/6 levels left

rFire   . . .      SeeInvis .    a - +0 war axe
rCold   . . .      Faith    .    c - +0 buckler
rNeg    . . .      Spirit   +    b - +0 scale mail
rPois   .          Reflect  .    (no helmet)
rElec   .          Rampage  .    (no cloak)
rCorr   .                        (no gloves)
Will    +....                    (no boots) Stlth
                                 (no amulet)
HPRegen 1.06/turn                e - ring of flight
MPRegen 0.11/turn                o - ring of willpower

@: mighty, flying
A: fangs 2, regeneration 1, magic shield, antimagic bite, no potion heal 2
a: no special abilities


You were on level 5 of the Dungeon.
You visited 1 branch of the dungeon, and saw 5 of its levels.

You collected 242 gold pieces.

Inventory:

Hand Weapons
 a - a +0 war axe (weapon)
Missiles
 f - 6 poisoned darts (quivered)
Armour
 b - a +0 scale mail (worn)
 c - a +0 buckler (worn)
Jewellery
 e - a ring of flight (left hand)
 k - a ring of fire
 o - a ring of willpower (right hand)
Wands
 p - a wand of mindburst (14)
Scrolls
 h - a scroll of teleportation
 j - a scroll of enchant armour {unknown}
 m - a scroll of vulnerability {unknown}
 q - a scroll of magic mapping {unknown}
 r - a scroll of immolation {unknown}
 s - a scroll of enchant weapon {unknown}
Potions
 i - 2 potions of mutation
 l - 2 potions of curing


   Skills:
 + Level 4.8 Fighting
 + Level 4.4 Axes
 - Level 2.4 Armour
 + Level 4.8 Shields


You had 6 spell levels left.
You didn't know any spells.
Your spell library contained the following spells:

 Spells                   Type           Power      Damage    Failure   Level
 Lesser Beckoning         Tloc           0%         N/A       93%         2
 Gell's Gravitas          Tloc           0%         N/A       99%         3
 Mephitic Cloud           Conj/Pois/Air  0%         N/A       99%         3
 Teleport Other           Tloc           0%         N/A       99%         3
 Passage of Golubria      Tloc           0%         N/A       100%        4
 Freezing Cloud           Conj/Ice/Air   0%         6-21      100%        5
 Metabolic Englaciation   Hex/Ice        0%         N/A       100%        5
 Silence                  Hex/Air        0%         N/A       100%        5
 Ozocubu's Refrigeration  Ice            0%         4d7       100%        7
 Lehudib's Crystal Spear  Conj/Erth      0%         10d2      100%        8


Dungeon Overview and Level Annotations

Branches:
Dungeon (5/15)
 Temple: D:4-7

Altars:
Nemelex Xobeh

Shops:
D:1 =


Innate Abilities, Weirdness & Mutations

You have extremely sharp teeth.
Your natural rate of healing is unusually fast.
When hurt, damage is shared between your health and your magic reserves.
Your bite disrupts and absorbs the magic of your enemies.
Potions cannot restore your health.


Message History

The yak looks even sicker.
The yak is lightly wounded.
A yak comes into view.
Throw: 8 darts (poison)
Press: ? - help, Q - select action, (/) - cycle Shift-Dir - straight line, f/p - yak
Aim: a yak (lightly wounded, very poisoned, 71% to hit)
You throw a poisoned dart.
The poisoned dart barely misses the yak.
The yak bellows!
You hear a bellow!
You hear a bark!
You hear a bellow!
Throw: 7 darts (poison)
Press: ? - help, Q - select action, (/) - cycle Shift-Dir - straight line, f/p - yak
Aim: a yak (lightly wounded, very poisoned, 71% to hit)
You throw a poisoned dart. The poisoned dart hits the yak.
The yak looks as sick as possible!
The yak is lightly wounded.
A yak comes into view.
You feel very mighty all of a sudden. You block the yak's attack.
A yak comes into view.
You hit the yak. You bite the yak! You drain its power.
The yak is moderately wounded.
The yak gores you!
A yak comes into view.
The yak gores you!
You closely miss the yak.
The yak bellows!
Your bite misses the yak.
The yak is heavily wounded.
You hear a bellow!
The yak gores you.
A yak comes into view.
You hit the yak. You bite the yak. You drain its power.
You feel invigorated.
The yak is severely wounded.
You slash the yak! The yak gores you. The yak gores you!
* * * LOW HITPOINT WARNING * * *
The yak barely misses you. The yak gores you.
* * * LOW HITPOINT WARNING * * *
The yak attacks as you move away! The yak gores you!
You die...

#....... #######
#....... #.....#
#...... #.....#
##...#.....#####.....#
#....+.....#.........#
#....#.....#..########
#....#.....#..#Y.(Y(((
#....#.....†..@Y(.YY..
#...#.....#+##Y......
##...##...............
#.....#...............
#.....'........#######
#[....#........#
#.....##+##....#
#..[..#.(.#....#
#.....#...+....#


You could see 6 yaks.

Vanquished Creatures
  A water moccasin (D:5)
  A centaur (D:5)
  3 scorpions
  A hound (D:4)
  2 iguanas
  3 gnolls (D:4)
  6 adders
  A dart slug (D:3)
  An orc (D:3)
  5 bats
  7 endoplasms
  2 giant cockroaches (D:1)
  5 goblins
  10 hobgoblins
  7 jackals
  7 kobolds
  2 quokkas (D:2)
  8 ball pythons
  2 frilled lizards (D:2)
  7 rats
81 creatures vanquished.

Notes
Turn   | Place    | Note
-------+----------+-------------------------------------------
     0 | D:1      | DeathPants the Vine Stalker Fighter began the quest for the
                  | Orb.
     0 | D:1      | Reached XP level 1. HP: 11/11 MP: 2/2
   121 | D:1      | Reached XP level 2. HP: 14/16 MP: 1/3
   286 | D:1      | Found Nicoss's Jewellery Boutique.
   516 | D:1      | Reached XP level 3. HP: 20/20 MP: 4/4
  1070 | D:2      | Gained mutation: Your natural rate of healing is unusually
                  | fast. [Vine Stalker growth]
  1070 | D:2      | Reached XP level 4. HP: 24/24 MP: 5/5
  1815 | D:3      | Got the Directory of the Deep Freeze and Poisoning
  1958 | D:3      | Found a sparkling altar of Nemelex Xobeh.
  2109 | D:4      | Noticed a scorpion
  2128 | D:3      | Reached XP level 5. HP: 20/29 MP: 3/6
  2242 | D:5      | Entered Level 5 of the Dungeon
  2273 | D:4      | Reached XP level 6. HP: 30/33 MP: 5/7
  2656 | D:4      | HP: 1/33 [gnoll/+0 flail (9)]
  2962 | D:5      | Reached XP level 7. HP: 30/38 MP: 5/8
  3158 | D:5      | Noticed a yak
  3162 | D:5      | Noticed a yak
  3164 | D:5      | Noticed a yak
  3165 | D:5      | Noticed a yak
  3166 | D:5      | Noticed a yak
  3167 | D:5      | Noticed a yak
  3169 | D:5      | Slain by a yak

Illustrated notes

Levels and vault maps discovered:
D:1:      dpeg_arrival_concentric_ovals, layout_basic, serial_shops, shop,
          serial_glass, glass_columns_b, glass_columns_c, st_stairs_8,
          minmay_heptomino_l4
D:2:      layout_loops_ring, serial_glass, glass_columns_a, glass_columns_a,
          feat_on_display, item_on_display_a, feat_on_display,
          minmay_strange_pillars
D:3:      layout_loops_ring, nemelex_diamond_rough_becter
D:4:      layout_layer_cave
D:5:      layout_gridville

Skill      XL: |  1  2  3  4  5  6 |
---------------+-------------------+-----
Axes           | 2 3 4 |  4.4
Shields        | 3 4 |  4.8
Fighting       | 3 4 |  4.8
Armour         | |  2.4

Action                     |  1- 3 |  4- 6 |  7- 9 || total
---------------------------+-------+-------+-------++-------
  Melee: War axe           |   101 |   100 |    24 ||   225
         Bite              |    17 |    26 |    10 ||    53
  Throw: Dart              |       |     3 |     6 ||     9
         Throwing net      |       |     1 |       ||     1
    Use: Scroll            |       |     5 |       ||     5
         Potion            |       |       |     2 ||     2
 Armour: Scale mail        |    49 |    41 |     7 ||    97
  Dodge: Dodged            |    63 |    55 |    11 ||   129
  Block: Buckler           |    27 |    24 |     4 ||    55

Table legend: (Time is in decaauts)
 A = Elapsed time spent in this place.
 B = Non-inter-level travel time spent in this place.
 C = Inter-level travel time spent in this place.
 D = Time resting spent in this place.
 E = Time spent auto-exploring this place.
 F = Levels seen in this place.
 G = Mean time per level.
                   A        B        C        D        E       F      G
               +--------+--------+--------+--------+--------+-----+--------+
         Total |   3265 |   3192 |     73 |     24 |   2284 |   5 |  653.0 |
       Dungeon |   3265 |   3192 |     73 |     24 |   2284 |   5 |  653.0 |
               +--------+--------+--------+--------+--------+-----+--------+

Top non-repeatable levels by time:
     D:4: 829 daAuts
     D:1: 776 daAuts
     D:3: 705 daAuts
     D:2: 704 daAuts
     D:5: 248 daAuts
